 Dungeon Sprint DCSS version 0.31.0-32-g396128a36d (webtiles) character file.

Game seed: 6683629747858605234

5 Groucho the Ducker (level 1, -6/18 HPs)
             Began as a Ghoul Gladiator on Mar 22, 2024.
             Mangled by an ogre
             ... wielding a +0 giant spiked club
              (17 damage)
             ... in the Dungeon (Sprint IX: "|||||||||||||||||||||||||||||").
             The game lasted 00:00:23 (268 turns).

Groucho the Ducker (Ghoul Gladiator)                 Turns: 268, Time: 00:00:24

Health: -6/18      AC:  4    Str: 17    XL:     1   Next: 80%
Magic:  1/1        EV: 12    Int:  7    God:
Gold:   0          SH:  0    Dex: 10    Spells: 0/0 levels left

rFire   . . .        a - +0 trident
rCold   + . .        (no shield)
rNeg    + + +        b - +0 leather armour
rPois   ∞            c - +0 helmet
rElec   .            (no cloak)
rCorr   .            (no gloves)
SInv    .            (no boots)
Will    .....        (no amulet)
Stlth   +            (no ring)
HPRegen 0.00/turn    (no ring)
MPRegen 0.07/turn

%: no teleportation
@: inhibited regen, hasted, very quick
A: claws 1, cold resistance 1, negative energy resistance 3, inhibited
regeneration, torment resistance 2, devour on kill
a: no special abilities


You were in the Dungeon.
You visited 1 branch

Inventory:

Hand Weapons
 a - a +0 trident (weapon)
Missiles
 d - 3 throwing nets (quivered)
 e - a javelin
Armour
 b - a +0 leather armour (worn)
 c - a +0 helmet (worn)
Scrolls
 j - a scroll of blinking
Potions
 f - a potion of curing
 g - a potion of heal wounds
 i - 2 potions of magic


   Skills:
 + Level 2.9 Fighting
 + Level 3.1 Polearms
 - Level 1.7 Throwing
 + Level 1.2 Armour
 + Level 3.1 Dodging


You couldn't memorise any spells.
You didn't know any spells.
Your spell library was empty.

Dungeon Overview and Level Annotations

Branches:
Dungeon (1/1)

Altars:


Innate Abilities, Weirdness & Mutations

You are immune to poison.
You have sharp fingernails.
Your flesh is cold resistant. (rC+)
You are immune to negative energy. (rN+++)
You do not regenerate when monsters are visible.
You are immune to unholy pain and torment.
You thrive by killing the living.


Message History

You are too injured to fight recklessly!
You are too injured to fight recklessly!
You are too injured to fight recklessly!
You puncture the hobgoblin!
You kill the hobgoblin!
There is an open door to the Dungeon, spattered with blood here.
You see here a frilled lizard corpse.
You start resting.
HP restored.
You start waiting.
Done waiting.
You start waiting.
Done waiting.
You open the door.
A hound, 2 ogres, a phantom and an adder come into view.
The hound barks!
The ogre shouts!
The adder hisses angrily.
You feel yourself speed up. The ogre misses you.
You hit the ogre.
The ogre is lightly wounded.
The ogre hits you with a +0 giant spiked club!
You closely miss the ogre.
The ogre is lightly wounded.
You barely miss the ogre.
The ogre is lightly wounded.
The ogre misses you.
Unknown command.
You hit the ogre.
The ogre is moderately wounded.
Unknown command.
Unknown command.
You barely miss the ogre.
The ogre is moderately wounded.
The ogre misses you.
You barely miss the ogre.
The ogre is moderately wounded.
You hit the ogre.
The ogre is heavily wounded.
The ogre hits you with a +0 giant spiked club!
Ouch! That really hurt!
You die...

▓.▓
▓.▓
▓.▓
▓÷▓
▓.▓
▓.▓
▓.▓
▓.▓
▓@▓
▓O▓
▓h▓
▓W▓
▓O▓
▓S▓
▓.▓
▓+▓


You could see 2 ogres, a phantom, a hound and an adder.

Vanquished Creatures
  A bat (D)
  An endoplasm (D)
  A hobgoblin (D)
  2 frilled lizards (D)
5 creatures vanquished.

Notes
Turn   | Place    | Note
-------+----------+-------------------------------------------
     0 | D        | Groucho the Ghoul Gladiator began the quest for the Orb.
     0 | D        | Reached XP level 1. HP: 17/17 MP: 1/1
    10 | D        | Reached skill level 1 in Armour
   260 | D        | Noticed an ogre
   260 | D        | Noticed a hound
   260 | D        | Noticed an ogre
   260 | D        | Noticed a phantom
   268 | D        | Mangled by an ogre

Illustrated notes

Levels and vault maps discovered:
D:        linesprint [early_d, line_temple, items_1, d_10, items_2, lair_1,
          lair_end, items_3, orc_1, orc_end, items_4, d_15, swamp_1, shoals_1,
          snake_1, spider_1, d_20, vaults_1, items_5, swamp_end, shoals_end,
          snake_end, spider_end, vaults_end, d_27, items_6, zot_1, zot_end,
          crypt_end, forest_end, elf_end, slime_end, tomb_end, abyss_end,
          pan_hell_end]

Skill      XL: |  1 |
---------------+----+-----
Polearms       | 3 |  3.1
Armour         | 1 |  1.2
Dodging        | 3 |  3.1
Fighting       | |  2.9
Throwing       | |  1.7

Action                     || total
---------------------------++-------
  Melee: Trident           ||    18
    Use: Potion            ||     1
 Armour: Leather armour    ||     7
  Dodge: Dodged            ||     5
